 Dungeon Crawl Stone Soup version 0.24-a0-201-gf205589 (webtiles) character file.

Game seed: 6592342310330353614

276 Borgoz the Chucker (level 6, -1/39 HPs)
             Began as a Halfling Hunter on Mar 24, 2019.
             Splashed by a jelly's acid (4 damage)
             ... on level 5 of the Dungeon.
             The game lasted 00:07:23 (5292 turns).

Borgoz the Chucker (Halfling Hunter)                Turns: 5292, Time: 00:07:24

Health: -1/39      AC:  8    Str: 11    XL:     6   Next: 50%
Magic:  7/7        EV: 12    Int: 10    God:
Gold:   169        SH:  0    Dex: 16    Spells: 7/7 levels left

rFire    . . .     SeeInvis .   i - -1 short sword (curse)
rCold    + . .     Gourm    .   (shield restricted)
rNeg     . . .     Faith    .   t - +3 scale mail {rC+}
rPois    .         Spirit   .   p - +0 helmet
rElec    .         Reflect  .   e - +1 cloak
rCorr    .         Harm     .   (no gloves)
MR       +....                  (no boots)
Stlth    +.........             (no amulet)
HPRegen  0.13/turn              h - ring of protection from magic
MPRegen  0.10/turn              n - -2 ring of strength (curse)

@: corroded
A: small, mutation resistance 1
a: no special abilities


You were on level 5 of the Dungeon.
You were very hungry.

You visited 1 branch of the dungeon, and saw 5 of its levels.

You collected 169 gold pieces.

Inventory:

Hand Weapons
 a - a +0 short sword
 i - a cursed -1 short sword (weapon)
 j - a +0 vampiric short sword
Missiles
 c - 10 tomahawks
 d - a throwing net (quivered)
 q - 20 poisoned needles
 x - 2 curare-tipped needles
Armour
 e - a +1 cloak (worn)
 o - a +0 ring mail
 p - a +0 helmet (worn)
 t - a +3 scale mail of cold resistance (worn)
Jewellery
 h - a ring of protection from magic (left hand)
 n - a cursed -2 ring of strength (right hand)
 r - an uncursed ring of stealth
Wands
 s - a wand of random effects (23)
Scrolls
 b - 3 scrolls of identify
 u - a scroll of enchant weapon {unknown}
Potions
 g - a potion of degeneration {unknown}
 k - a potion of haste
 l - a potion of flight
 m - a potion of mutation {unknown}
 v - a potion of curing
Comestibles
 f - 3 rations


   Skills:
 + Level 2.3 Fighting
 * Level 2.5 Short Blades
 + Level 4.7 Throwing
 * Level 2.7 Armour
 * Level 3.5 Dodging
 + Level 2.3 Stealth
 + Level 1.0 Spellcasting


You had 7 spell levels left.
You didn't know any spells.
Your spell library was empty.

Dungeon Overview and Level Annotations

Branches:
Dungeon (5/15)
 Temple: D:4-7

Altars:
Kikubaaqudgha
Trog
Yredelemnul

Annotations:
D:3 Sigmund


Innate Abilities, Weirdness & Mutations

You are small and have problems with some larger weapons.
You are somewhat resistant to further mutation.


Message History

The jelly is heavily wounded.
The jelly hits you but does no damage.
You hit the jelly but do no damage.
Your hands burn!
The jelly is heavily wounded.
The jelly closely misses you.
You hit the jelly.
Your hands burn!
The jelly is severely wounded.
The jelly hits you. The acid corrodes you!
You are splashed with acid!
You hit the jelly but do no damage.
Your hands burn!
* * * LOW HITPOINT WARNING * * *
The jelly is severely wounded.
The jelly hits you but does no damage.
Okay, then.
You hit the jelly.
Your hands burn!
* * * LOW HITPOINT WARNING * * *
The jelly is almost dead.
The jelly barely misses you.
Okay, then.
You hit the jelly.
Your hands burn!
You die...

#....##.# ###.......#
#<........####
#..........[..
#............. #
########<..###.### #..
...####...# #
..#..####.#......##
#......@J..5..........
##.######.#.##$...$...
#.#.##.#####..
#...##.# . ######.#
#.# ...


You could see a jelly and a crimson imp.

Vanquished Creatures
  A bullfrog (D:4)
  A gnoll shaman (D:4)
  Ijyb (D:3)
  A worker ant (D:4)
  Robin (D:3)
  6 adders
  3 dart slugs (D:1)
  6 leopard geckos
  An orc (D:4)
  A ball python (D:2)
  2 giant cockroaches
  13 goblins
  13 hobgoblins
  A quokka (D:4)
  4 bats
  2 frilled lizards
  6 kobolds
  A quokka zombie (D:5)
  5 rats
  A spectral orc (D:4)
70 creatures vanquished.

Notes
Turn   | Place    | Note
-------+----------+-------------------------------------------
     0 | D:1      | Borgoz the Halfling Hunter began the quest for the Orb.
     0 | D:1      | Reached XP level 1. HP: 14/14 MP: 1/1
   167 | D:1      | Reached XP level 2. HP: 6/19 MP: 2/2
   915 | D:1      | Reached XP level 3. HP: 14/24 MP: 3/3
  1057 | D:2      | Reached skill level 1 in Armour
  1203 | D:2      | Found a faded altar of an unknown god.
  1696 | D:2      | Reached XP level 4. HP: 27/29 MP: 4/4
  1739 | D:2      | Reached skill level 1 in Short Blades
  1965 | D:2      | Found an ancient bone altar of Kikubaaqudgha.
  2384 | D:3      | Noticed Robin
  2431 | D:3      | Killed Robin
  2740 | D:2      | Reached XP level 5. HP: 23/34 MP: 5/5
  3107 | D:3      | Noticed Ijyb
  3123 | D:3      | Killed Ijyb
  3365 | D:3      | Noticed Sigmund
  4029 | D:4      | Reached XP level 6. HP: 29/39 MP: 7/7
  4167 | D:4      | Found a basalt altar of Yredelemnul.
  4315 | D:4      | Found a bloodstained altar of Trog.
  4481 | D:4      | Reached skill level 1 in Spellcasting
  5244 | D:5      | Entered Level 5 of the Dungeon
  5292 | D:5      | Splashed by a jelly's acid

Levels and vault maps discovered:
D:1:      enne_arrival_octagon_isle, layout_basic, due_unseen_surprise
D:2:      layout_loops_ring, marbit_many_paths, chequers_ecumenical_altar_twisty
D:3:      layout_basic, uniq_sigmund, uniq_robin, uniq_ijyb
D:4:      minmay_diamond_boxcup, layout_layer_cave,
          yredelemnul_forgotten_temple_becter, minivault_14, trog_butcher_becter
D:5:      layout_loops_ring, minmay_temple_entry_hall, first_ration, uniq_pikel

Skill      XL: |  1  2  3  4  5  6 |
---------------+-------------------+-----
Armour         | 1 2 |  2.7
Short Blades   | 1 2 |  2.5
Fighting       | 2 |  2.3
Dodging        | 3 |  3.5
Stealth        | 2 |  2.3
Spellcasting   | 1 |  1.0
Throwing       | |  4.7

Action                   |  1- 3 |  4- 6 || total
-------------------------+-------+-------++-------
Melee: Short sword       |   127 |   363 ||   490
Throw: Throwing net      |     3 |     2 ||     5
  Use: Scroll            |     4 |     4 ||     8
       Potion            |     3 |     2 ||     5
 Stab: Sleeping          |     2 |     4 ||     6
       Invisible         |       |     3 ||     3
       Held in net/web   |       |     2 ||     2
  Eat: Chunk             |     3 |    10 ||    13
Armor: Leather armour    |    26 |    14 ||    40
       Ring mail         |       |    49 ||    49
       Scale mail        |       |    77 ||    77
Dodge: Dodged            |   121 |   257 ||   378

Table legend:
 A = Non-vault XP
 B = Vault XP
 C = Vault XP percentage of total XP
 D = Non-vault monster count
 E = Vault monster count
 F = Vault count percentage of total count
                 A         B        C        D         E       F
            +---------+---------+-------+---------+---------+-------
      Total |     234 |     161 |  40.8 |      48 |      22 |  31.4
            +---------+---------+-------+---------+---------+-------
        D:1 |      42 |       0 |   0.0 |      19 |       0 |   0.0
        D:2 |      53 |       8 |  13.1 |      16 |       4 |  20.0
        D:3 |      39 |      61 |  61.0 |       9 |      10 |  52.6
        D:4 |      99 |      92 |  48.2 |       3 |       8 |  72.7
        D:5 |       1 |       0 |   0.0 |       1 |       0 |   0.0
            +---------+---------+-------+---------+---------+-------
